 Dungeon Crawl Stone Soup version 0.25.1-2-g60ff931df9 (webtiles) character file.

Game seed: 9852648706030985396

115983 gruber the Tainter (level 16, -5/111 HPs)
             Began as a Demonspawn Venom Mage on Oct 22, 2020.
             Was the Champion of Vehumet.
             Slain by a demonic crawler (9 damage)
             ... on level 2 of the Spider Nest.
             The game lasted 00:54:32 (29468 turns).

gruber the Tainter (Demonspawn Venom Mage)         Turns: 29468, Time: 00:54:33

Health: -5/111     AC: 11    Str:  8      XL:     16   Next: 19%
Magic:  0/30       EV: 19    Int: 31 (33) God:    Vehumet [******]
Gold:   2759       SH:  0    Dex: 18 (19) Spells: 14/35 levels left

rFire    + . .     SeeInvis .   V - +7 quarterstaff of Miothry {vorpal, rPois rF+}
rCold    . . .     Gourm    .   (shield currently unavailable)
rNeg     + . .     Faith    .   U - +0 troll leather armour
rPois    +         Spirit   +   G - +0 hat of the Beggar {Int+5 Dex+3}
rElec    .         Reflect  .   w - +0 cloak
rCorr    .         Harm     .   (gloves unavailable)
MR       +....                  t - +0 pair of boots
Stlth    ++........             z - amulet of magic regeneration
HPRegen  0.68/turn              x - +6 ring of intelligence
MPRegen  0.69/turn              C - +4 ring of protection

@: repel missiles
A: claws 3, repulsion field 3, negative energy resistance 1, spiny 2, magic
shield, magic regeneration
a: Renounce Religion


You were on level 2 of the Spider Nest.
You worshipped Vehumet.
Vehumet was exalted by your worship.
You were very hungry.

You visited 5 branches of the dungeon, and saw 26 of its levels.

You collected 2822 gold pieces.
You spent 63 gold pieces at shops.

Inventory:

Hand Weapons
 y - the +4 shortbow "Uloj Yvo" {vorpal, rC+ rN++ Int+2}
   (You found it on level 1 of the Lair of Beasts)

   Any arrow fired from it inflicts extra damage.
   It affects your intelligence (+2).
   It protects you from cold.
   It greatly protects you from negative energy.
 R - the +2 hunting sling of the Scorching Sybil {flame, rElec rC+ MR++ Dex-3}
   (You took it off an orc on level 9 of the Dungeon)

   It causes projectiles fired from it to burn those they strike, causing extra
   injury to most foes and up to half again as much damage against particularly
   susceptible opponents.
   It affects your dexterity (-3).
   It protects you from cold.
   It insulates you from electricity.
   It affects your resistance to hostile enchantments.
 V - the +7 quarterstaff of Miothry (weapon) {vorpal, rPois rF+}
   (You found it on level 3 of the Lair of Beasts)

   It inflicts extra damage upon your enemies.
   It protects you from fire.
   It protects you from poison.
Missiles
 k - 4 curare-tipped darts (quivered)
 P - 250 sling bullets
 S - 436 stones
Armour
 f - the +6 plate armour of the Locust {rF+}
   (You found it on level 13 of the Dungeon)

   It protects you from fire.
 t - a +0 pair of boots (worn)
 w - a +0 cloak (worn)
 G - the +0 hat of the Beggar (worn) {Int+5 Dex+3}
   (You found it on level 1 of the Lair of Beasts)

   It affects your intelligence (+5).
   It affects your dexterity (+3).
 U - a +0 troll leather armour (worn)
Jewellery
 a - an uncursed ring of flight
 v - an uncursed amulet of the acrobat
 x - a +6 ring of intelligence (left claw)
 z - an amulet of magic regeneration (around neck)
 C - a +4 ring of protection (right claw)
Wands
 m - a wand of digging (11)
 q - a wand of enslavement (13)
 A - a wand of iceblast (26)
 K - a wand of disintegration (21)
 L - a wand of flame (41)
 N - a wand of polymorph (5)
 O - a wand of clouds (10)
 Q - a wand of acid (35)
 X - a wand of paralysis (3)
Scrolls
 d - a scroll of vulnerability {unknown}
 g - 18 scrolls of remove curse
 j - 16 scrolls of teleportation {unknown}
 l - 7 scrolls of enchant weapon {unknown}
 n - 4 scrolls of fog
 o - 4 scrolls of magic mapping {unknown}
 r - 5 scrolls of enchant armour {unknown}
 D - 5 scrolls of fear
 E - 3 scrolls of amnesia
 M - a scroll of identify
 T - a scroll of immolation
Potions
 b - 2 potions of cancellation
 e - 6 potions of heal wounds
 h - 2 potions of invisibility
 i - 5 potions of lignification
 p - 5 potions of magic
 u - 11 potions of curing
 B - 3 potions of haste
 F - 3 potions of brilliance
 H - a potion of flight
 I - a potion of ambrosia
 J - 2 potions of resistance
 W - 2 potions of stabbing
 Y - a potion of might
Comestibles
 c - 47 rations


   Skills:
 - Level 6.0 Fighting
 - Level 1.3 Staves
 - Level 1.3 Slings
 - Level 5.0 Armour
 - Level 6.1 Dodging
 - Level 1.7 Stealth
 - Level 10.4 Spellcasting
 - Level 10.0 Conjurations
 - Level 0.8 Transmutations
 - Level 9.3 Fire Magic
 * Level 10.5 Ice Magic
 - Level 11.4 Air Magic
 - Level 13.3 Poison Magic


You had 14 spell levels left.
You knew the following spells:

 Your Spells              Type           Power        Failure   Level  Hunger
a - Sting                 Tmut/Pois      ####         1%          1    None
b - Mephitic Cloud        Conj/Pois/Air  ######..     1%          3    None
c - Olgreb's Toxic Radia  Pois           #######.     1%          4    None
d - Ignite Poison         Fire/Tmut/Pois ######..     1%          3    None
e - Sticky Flame          Conj/Fire      ######..     1%          4    None
f - Freezing Cloud        Conj/Ice/Air   ######....   2%          6    #####..

Your spell library contained the following spells:

 Spells                   Type           Power        Failure   Level  Hunger
 Bolt of Magma            Conj/Fire/Erth ######....   2%          5    ###....
 Foxfire                  Conj/Fire      ####         1%          1    None
 Shock                    Conj/Air       ####         1%          1    None
 Ensorcelled Hibernation  Hex/Ice        #####.       1%          2    None
 Poisonous Vapours        Pois/Air       ######       1%          2    None
 Swiftness                Chrm/Air       ######..     1%          2    None
 Conjure Flame            Conj/Fire      ######..     1%          3    None
 Dazzling Flash           Conj/Hex       #####.       1%          3    None
 Inner Flame              Hex/Fire       #####...     1%          3    None
 Static Discharge         Conj/Air       ######..     1%          3    None
 Airstrike                Air            ######....   1%          4    None
 Fireball                 Conj/Fire      ######....   1%          5    ###....
 Lightning Bolt           Conj/Air       ######....   1%          5    ###....
 Corona                   Hex            ###....      4%          1    None
 Passwall                 Tmut/Erth      ###.....     5%          2    None
 Silence                  Hex/Air        ######....   11%         5    ###....
 Confusing Touch          Hex            ###.....     13%         3    None
 Gell's Gravitas          Tloc           ###.......   13%         3    None
 Tukima's Dance           Hex            ###.....     13%         3    None
 Metabolic Englaciation   Hex/Ice        #####.....   14%         5    ###....
 Yara's Violent Unravell  Hex/Tmut       ###.......   24%         5    ###....
 Lee's Rapid Deconstruct  Erth           ###.......   28%         5    ###....
 Petrify                  Tmut/Erth      ###.....     34%         4    None
 Cause Fear               Hex            ###.......   38%         4    None
 Passage of Golubria      Tloc           N/A          38%         4    None
 Darkness                 Hex            ###.......   100%        6    #####..
 Invisibility             Hex            ###.....     100%        6    #####..
 Discord                  Hex            ###.......   100%        8    #######


Dungeon Overview and Level Annotations

Branches:
Dungeon (15/15)            Temple (1/1) D:7            Lair (6/6) D:10
  Swamp (0/4) Lair:3       Spider (2/4) Lair:4        Slime (0/5) Lair:5
    Orc (2/2) D:12            Elf (0/3) Orc:2        Vaults (0/5) D:13
 Depths (0/5) D:15

Altars:
Ashenzari
Cheibriados
Dithmenos
Elyvilon
Fedhas
Gozag
Hepliaklqana
Kikubaaqudgha
Makhleb
Nemelex Xobeh
Okawaru
Qazlal
Ru
Sif Muna
Trog
Uskayaw
Vehumet
Wu Jian
Xom
Yredelemnul
Zin
The Shining One

Shops:
D:5 (   D:8 *   D:13 [   Orc:2 =*[(

Annotations:
Spider:1 3 runed translucent doors, Frank's ghost, journeyman DsGl
Orc:2 3 runed translucent doors, sixsigma's ghost, journeyman MiFi


Innate Abilities, Weirdness & Mutations

You have claws for hands.
You are surrounded by a strong repulsion field. (EV +4, RMsl)
You resist negative energy. (rN+)
You are mostly covered in sharp spines.
When hurt, damage is shared between your health and your magic reserves.
You regenerate magic rapidly.


Message History

Something stings you but does no damage.
You feel you are being watched by something.
You feel your power leaking away. Something hits you! Something hits you.
* * * LOW HITPOINT WARNING * * *
You feel dopey. Something stings you!
* * * LOW HITPOINT WARNING * * *
There is a stone staircase leading up, spattered with blood here.
You are feeling very hungry.
Something hits you!
* * * LOW HITPOINT WARNING * * *
You feel dopey. Something completely misses you.
Something stings you but does no damage.
The demonic crawler hits you but does no damage.
The demonic crawler hits you!
* * * LOW HITPOINT WARNING * * *
The demonic crawler hits you!
You die...

%... .... #..
#.#. ... ...^
....#.. $...
####.....##..##.
#.#..##.#...#...
#..#.#..#.#..../
#^..#...?......
##...ss.......#.
#...@.#.##...#..
#....#...#
......
#...#.#...#
..##. ##.
#....#.. ^.s. #
#.#..###...#..
####.# .##s# ###
#


You could see a demonic crawler and a wolf spider (poisoned).

Vanquished Creatures
  Kirke (Lair:4)
  2 orc warlords (Orc:2)
  Nessos (D:12)
  6 dire elephants (Lair:6)
  A spark wasp (Spider:2)
  An ettin (D:15)
  Snorg (Lair:3)
  4 hydras
  An anaconda (Lair:6)
  4 centaur warriors
  2 ogre magi (D:15)
  10 two-headed ogres
  A death knight (D:12)
  10 death yaks
  2 tengu warriors
  4 orc high priests (Orc:2)
  Urug (Lair:3)
  Sonja (D:10)
  3 unseen horrors
  2 lindwurms (Lair:6)
  4 orc knights (Orc:2)
  2 wolf spider zombies (D:15)
  2 oklob plants (Lair:1)
  7 orb spiders (Spider:1)
  15 ugly things
  7 wolf spiders
  A manticore (D:15)
  5 orc sorcerers
  4 deep elf magi
  8 cyclopes
  8 elephants
  3 gargoyles
  A torpor snail (Lair:5)
  4 black mambas
  3 komodo dragons
  11 spiny frogs
  4 centaur skeletons
  4 rime drakes
  4 demonic crawlers (Spider:1)
  3 tengu conjurers
  13 jumping spiders
  3 meliai (Lair:4)
  4 polar bears
  7 trolls
  Grinder (D:6)
  A queen bee (Lair:4)
  2 hornets
  2 bog bodies (Lair:3)
  3 blink frogs (Lair:5)
  A raiju (shapeshifter) (D:13)
  11 hippogriffs
  A meliai zombie (D:14)
  3 shadows
  24 redbacks
  Sigmund (D:6)
  24 yaks
  10 tarantellas (Spider:1)
  4 vampires
  3 wyverns
  4 basilisks
  3 hogs (Lair:4)
  A wraith (D:15)
  6 hungry ghosts
  A human (Lair:4)
  Grum (D:8)
  15 vampire mosquitoes
  A steam dragon (D:9)
  A two-headed ogre zombie (D:12)
  2 swamp worms (Lair:2)
  A soldier ant (D:13)
  4 acid dragons
  5 wargs
  7 water moccasins
  4 porcupines
  2 phantoms
  3 sky beasts
  3 black bears
  2 hornet zombies
  36 orc warriors
  A necrophage (D:8)
  2 eyes of draining
  8 ice beasts
  3 wolves (D:8)
  12 ogres
  10 centaurs
  4 crocodiles
  2 big kobolds
  22 bullfrogs
  2 wyvern zombies
  2 wyvern skeletons
  2 scorpions
  A troll zombie (D:12)
  32 killer bees
  10 wights
  An electric eel (Spider:1)
  2 howler monkeys
  4 crimson imps
  3 bullfrog zombies
  4 quasits
  3 centaur zombies
  5 bullfrog skeletons
  3 hounds
  5 jellies
  35 orc wizards
  22 orc priests
  A gnoll shaman (D:10)
  Ijyb (D:3)
  2 iguanas (D:4)
  12 worker ants
  6 ogre zombies (D:12)
  A hound zombie (D:9)
  A hound skeleton (D:5)
  A worker ant zombie (D:5)
  14 adders
  8 gnolls
  A shadow imp (D:7)
  An adder skeleton (D:7)
  5 worms
  3 dart slugs
  3 leopard geckos
  105 orcs
  7 giant cockroaches
  4 goblins
  2 hobgoblins
  16 kobolds
  6 quokkas
  2 ball pythons
  5 bats
  12 frilled lizards
  2 goblin skeletons (D:12)
  4 goblin zombies (D:12)
  A hobgoblin skeleton (D:12)
  2 orc skeletons (D:12)
  16 orc zombies (D:12)
  6 rats
  A fungus (Lair:5)
  5 plants
834 creatures vanquished.

Vanquished Creatures (others)
  A human (D:5)
  A fungus (Lair:3)
  8 plants
10 creatures vanquished.

Grand Total: 844 creatures vanquished

Notes
Turn   | Place    | Note
-------+----------+-------------------------------------------
     0 | D:1      | gruber the Demonspawn Venom Mage began the quest for the
                  | Orb.
     0 | D:1      | Reached XP level 1. HP: 13/13 MP: 3/3
   479 | D:1      | Gained mutation: When hurt, damage is shared between your
                  | health and your magic reserves. [demonic ancestry]
   479 | D:1      | Reached XP level 2. HP: 17/19 MP: 5/5
   920 | D:2      | Reached skill level 4 in Poison Magic
   961 | D:2      | Found a bloodstained altar of Trog.
  1190 | D:2      | Found a faded altar of an unknown god.
  1249 | D:2      | Noticed a bullfrog
  1266 | D:2      | Gained mutation: You have sharp fingernails. [demonic
                  | ancestry]
  1266 | D:2      | Reached XP level 3. HP: 16/24 MP: 1/6
  1746 | D:2      | Learned a level 3 spell: Mephitic Cloud
  1782 | D:2      | Killed a bullfrog
  1782 | D:2      | Reached skill level 5 in Poison Magic
  1782 | D:2      | Gained mutation: You are partially covered in sharp spines.
                  | [demonic ancestry]
  1782 | D:2      | Reached XP level 4. HP: 30/30 MP: 0/7
  2269 | D:2      | Gained mutation: You are mostly covered in sharp spines.
                  | [demonic ancestry]
  2269 | D:2      | Reached XP level 5. HP: 28/35 MP: 5/8
  2898 | D:3      | Learned a level 4 spell: Olgreb's Toxic Radiance
  2901 | D:3      | Noticed Ijyb
  2913 | D:3      | Killed Ijyb
  2913 | D:3      | Reached skill level 6 in Poison Magic
  4019 | D:4      | Gained mutation: You have very sharp fingernails. [demonic
                  | ancestry]
  4019 | D:4      | Reached XP level 6. HP: 34/41 MP: 4/9
  4139 | D:4      | Reached skill level 7 in Poison Magic
  4628 | D:5      | Entered Level 5 of the Dungeon
  4752 | D:5      | Reached skill level 8 in Poison Magic
  4806 | D:5      | Gained mutation: You are surrounded by a mild repulsion
                  | field. (EV +2) [demonic ancestry]
  4806 | D:5      | Reached XP level 7. HP: 38/46 MP: 7/10
  4952 | D:5      | Found Foitugiu's Weapon Shop.
  4964 | D:5      | Found an ancient bone altar of Kikubaaqudgha.
  4973 | D:5      | Noticed a human
  4974 | D:5      | Killed a human
  5361 | D:5      | Reached skill level 9 in Poison Magic
  5623 | D:6      | Found a hide-covered altar of Uskayaw.
  5624 | D:6      | Noticed Grinder
  5719 | D:6      | Paralysed by Grinder for 6 turns
  5733 | D:6      | Killed Grinder
  5733 | D:6      | Reached XP level 8. HP: 32/52 MP: 3/14
  5764 | D:6      | Reached skill level 5 in Spellcasting
  5926 | D:6      | Found a stormy altar of Qazlal.
  6637 | D:6      | Found a white marble altar of Elyvilon.
  6646 | D:6      | Noticed Sigmund
  6669 | D:6      | Killed Sigmund
  6669 | D:6      | Gained mutation: You regenerate magic rapidly. [demonic
                  | ancestry]
  6669 | D:6      | Reached XP level 9. HP: 36/57 MP: 6/19
  7195 | D:7      | Reached skill level 10 in Poison Magic
  7278 | D:7      | Found a staircase to the Ecumenical Temple.
  7335 | Temple   | Entered the Ecumenical Temple
  7747 | D:7      | Reached skill level 11 in Poison Magic
  7926 | D:7      | Found an ornate altar of the Wu Jian Council.
  8781 | D:8      | Reached skill level 12 in Poison Magic
  8787 | D:8      | Reached XP level 10. HP: 4/63 MP: 2/20
  8791 | D:8      | Noticed Grum
  9158 | D:8      | Found an iron altar of Okawaru.
  9232 | D:8      | Found Hiptor's Assorted Antiques.
  9454 | D:8      | Found a basalt altar of Yredelemnul.
  9531 | D:8      | Killed Grum
  9595 | D:9      | Learned a level 3 spell: Ignite Poison
  9814 | D:9      | Noticed a two-headed ogre
  9817 | D:9      | Killed a two-headed ogre
  9817 | D:9      | Reached skill level 13 in Poison Magic
  9868 | D:9      | Reached skill level 1 in Fire Magic
  9987 | D:9      | Found a shimmering blue altar of Sif Muna.
  9987 | D:9      | Found a blossoming altar of Fedhas.
 10214 | D:9      | Identified the cursed +2 hunting sling of the Scorching
                  | Sybil {flame, rElec rC+ MR++ Dex-3}
 10496 | D:9      | Found a glowing silver altar of Zin.
 10497 | D:9      | Noticed an angel
 10646 | D:8      | Found a radiant altar of Vehumet.
 10647 | D:8      | Found a hazy altar of Hepliaklqana.
 10648 | D:8      | Found an ancient bone altar of Kikubaaqudgha.
 10653 | D:8      | Became a worshipper of Vehumet
 10656 | D:8      | Reached skill level 1 in Slings
 12085 | D:10     | Entered Level 10 of the Dungeon
 12271 | D:10     | Reached skill level 5 in Fire Magic
 12675 | D:10     | Noticed a death yak
 12675 | D:10     | Noticed a death yak
 12676 | D:10     | Noticed a death yak
 12691 | D:10     | Killed a death yak
 12691 | D:10     | Gained mutation: You have claws for hands. [demonic
                  | ancestry]
 12691 | D:10     | Reached XP level 11. HP: 68/68 MP: 10/21
 12691 | D:10     | Noticed a death yak
 12692 | D:10     | Killed a death yak
 12693 | D:10     | Killed a death yak
 12694 | D:10     | Noticed a death yak
 12697 | D:10     | Noticed a death yak
 12717 | D:10     | Killed a death yak
 12728 | D:10     | Killed a death yak
 12730 | D:10     | Killed a death yak
 12999 | D:10     | Noticed a two-headed ogre
 13003 | D:10     | Killed a two-headed ogre
 13120 | D:10     | Found a staircase to the Lair.
 13181 | D:10     | Reached * piety under Vehumet
 13181 | D:10     | Offered knowledge of Freeze by Vehumet.
 13181 | D:10     | Reached skill level 1 in Armour
 13422 | D:10     | Noticed Sonja
 13424 | D:10     | Killed Sonja
 13836 | D:11     | Offered knowledge of Magic Dart by Vehumet.
 13850 | D:11     | Reached ** piety under Vehumet
 14119 | D:11     | Reached skill level 5 in Armour
 14567 | D:12     | Noticed a deep elf mage
 14640 | D:12     | Noticed Nessos
 14647 | D:12     | Killed Nessos
 14647 | D:12     | Gained mutation: You are surrounded by a moderate repulsion
                  | field. (EV +3) [demonic ancestry]
 14647 | D:12     | Reached XP level 12. HP: 44/74 MP: 13/22
 14806 | Lair:1   | Entered Level 1 of the Lair of Beasts
 15034 | Lair:1   | Reached skill level 5 in Dodging
 15236 | Lair:1   | Got a masterwork shortbow
 15237 | Lair:1   | Identified the +4 shortbow "Uloj Yvo" {vorpal, rC+ rN++
                  | Int+2} (You found it on level 1 of the Lair of Beasts)
 15484 | D:12     | Reached skill level 1 in Fighting
 15490 | D:12     | Offered knowledge of Stone Arrow by Vehumet.
 15665 | D:12     | Reached *** piety under Vehumet
 15812 | Lair:1   | Offered knowledge of Sticky Flame by Vehumet.
 15825 | Lair:1   | Learned a level 4 spell: Sticky Flame
 15927 | Lair:1   | Reached skill level 5 in Fighting
 16330 | D:5      | Bought 13 arrows for 33 gold pieces
 17369 | Lair:3   | Reached skill level 1 in Conjurations
 17442 | Lair:3   | Found a staircase to the Swamp.
 17627 | Lair:3   | Got a brightly glowing quarterstaff
 17628 | Lair:3   | Identified the +7 quarterstaff of Miothry {vorpal, rPois
                  | rF+} (You found it on level 3 of the Lair of Beasts)
 17732 | Lair:3   | Noticed Urug
 17739 | Lair:3   | Killed Urug
 17750 | Lair:3   | Reached **** piety under Vehumet
 17750 | Lair:3   | Reached skill level 5 in Conjurations
 17871 | Lair:3   | You fall into a shaft and drop 3 floors!
 17871 | Lair:6   | Entered Level 6 of the Lair of Beasts
 17933 | Lair:6   | Reached skill level 1 in Staves
 18073 | Lair:6   | Offered knowledge of Inner Flame by Vehumet.
 18120 | Lair:5   | Gained mutation: You are surrounded by a strong repulsion
                  | field. (EV +4, RMsl) [demonic ancestry]
 18120 | Lair:5   | Reached XP level 13. HP: 93/93 MP: 19/23
 18300 | Lair:4   | Noticed Kirke
 18310 | Lair:4   | Killed Kirke
 18380 | Lair:4   | Reached ***** piety under Vehumet
 18424 | Lair:4   | Offered knowledge of Conjure Ball Lightning by Vehumet.
 18806 | Lair:4   | Found a sparkling altar of Nemelex Xobeh.
 18966 | Lair:4   | Reached skill level 10 in Conjurations
 18990 | Lair:4   | Found a hole to the Spider Nest.
 19510 | Lair:3   | Noticed Snorg
 19516 | Lair:3   | Killed Snorg
 19893 | Lair:1   | Got an encrusted hat
 19894 | Lair:1   | Identified the cursed +0 hat of the Beggar {Int+5 Dex+3}
                  | (You found it on level 1 of the Lair of Beasts)
 20536 | Lair:5   | Found a staircase to the Slime Pits.
 21031 | Lair:6   | Reached skill level 10 in Spellcasting
 21301 | Lair:6   | Reached XP level 14. HP: 100/100 MP: 23/28
 21309 | Lair:6   | Offered knowledge of Freezing Cloud by Vehumet.
 21448 | Lair:6   | Learned a level 6 spell: Freezing Cloud
 21919 | Lair:6   | Reached skill level 1 in Ice Magic
 21919 | Lair:6   | Reached skill level 1 in Air Magic
 22481 | D:12     | Found a staircase to the Orcish Mines.
 22879 | D:12     | Found a glowing golden altar of the Shining One.
 22997 | D:12     | Found a burning altar of Makhleb.
 23316 | D:13     | Found Guaba's Armour Emporium.
 23351 | D:12     | Reached skill level 5 in Ice Magic
 23497 | D:13     | Reached skill level 5 in Air Magic
 23924 | D:13     | Offered knowledge of Irradiate by Vehumet.
 24019 | D:13     | Found a gate to the Vaults.
 24023 | D:13     | Got a slimy plate armour
 24631 | D:14     | Gained mutation: You resist negative energy. (rN+) [demonic
                  | ancestry]
 24631 | D:14     | Reached XP level 15. HP: 67/105 MP: 12/29
 25129 | D:15     | Entered Level 15 of the Dungeon
 25237 | D:15     | Found a bloodstained altar of Trog.
 25746 | D:15     | Offered knowledge of Spellforged Servitor by Vehumet.
 25872 | D:15     | Found a staircase to the Depths.
 26349 | Orc:1    | Entered Level 1 of the Orcish Mines
 26565 | Orc:2    | Entered Level 2 of the Orcish Mines
 26586 | Orc:2    | Found a staircase to the Elven Halls.
 26724 | Orc:2    | Found a runed translucent gate.
 26724 | Orc:2    | Found a runed translucent gate.
 26724 | Orc:2    | Found a runed translucent gate.
 26744 | Orc:2    | Noticed sixsigma's ghost (journeyman MiFi)
 26762 | Orc:2    | Noticed an orc warlord
 26774 | Orc:2    | Killed an orc warlord
 26862 | Orc:2    | Reached skill level 10 in Air Magic
 26879 | Orc:2    | Noticed an orc warlord
 26894 | Orc:2    | Killed an orc warlord
 26908 | Orc:2    | Reached ****** piety under Vehumet
 26914 | Orc:2    | Offered knowledge of Orb of Destruction by Vehumet.
 27065 | Orc:2    | Found Laniox's General Store.
 27065 | Orc:2    | Found Caitas's Jewellery Emporium.
 27067 | Orc:2    | Found Hyd Emy's Antique Armour Shoppe.
 27067 | Orc:2    | Found Jitaidghoy's Antique Weapon Shoppe.
 27083 | Orc:2    | Bought a cursed amulet of inaccuracy for 30 gold pieces
 28392 | Spider:1 | Entered Level 1 of the Spider Nest
 28392 | Spider:1 | Found a runed translucent gate.
 28392 | Spider:1 | Found a runed translucent gate.
 28521 | Spider:1 | Found a runed translucent gate.
 28699 | Spider:1 | Noticed Frank's ghost (journeyman DsGl)
 28715 | Spider:1 | Reached XP level 16. HP: 111/111 MP: 30/30
 28729 | Spider:1 | Identified the +6 plate armour of the Locust {rF+} (You
                  | found it on level 13 of the Dungeon)
 28931 | Spider:1 | Reached skill level 10 in Ice Magic
 28946 | Spider:1 | Offered knowledge of Bolt of Magma by Vehumet.
 29468 | Spider:2 | HP: 4/111 [demonic crawler (9)]
 29468 | Spider:2 | Slain by a demonic crawler

Illustrated notes

Levels and vault maps discovered:
D:1:      dpeg_arrival_arbitrary_c, layout_basic,
          corexii_item_surrounded_by_moat
D:2:      layout_loops_cross, lightli_temple_of_fire,
          chequers_ecumenical_altar_simple, kennysheep_generic_room_8
D:3:      layout_basic, first_ration, uniq_ijyb
D:4:      layout_basic
D:5:      layout_rooms, cheibrodos_sewer_entry_bend, serial_shops, shop,
          kennysheep_doodads, tgw_kikubaaqudgha
D:6:      layout_basic, nicolae_overflow_crystal_walls,
          eat_drink_and_be_merry_uskayaw, grunt_qazlal_clouds, uniq_sigmund,
          uniq_grinder
D:7:      layout_loops_corners, kennysheep_mini_moat,
          minmay_temple_entry_antechambers, grunt_ogre_cave
D:8:      layout_basic, okawaru_gym_becter, lemuel_doored_altar,
          grunt_temple_overflow_open, serial_shops,
          nicolae_shop_overgrown_old_shop, uniq_grum
D:9:      layout_rooms, gammafunk_temple_overflow_wave, zin_angel
D:10:     layout_loops_cross, dpeg_lair_monsters, uniq_sonja
D:11:     layout_basic
D:12:     minmay_diamond_stairs, layout_long_grid, zombieorc2_lemuel,
          basic_altar, tso_metal_star, uniq_nessos
D:13:     layout_cross, david_vaults_1, serial_shops, shop
D:14:     layout_loops_cross, eino_curves_01, solitary_fountain
D:15:     hangedman_depths_entry_civil_slaughter, layout_irregular_city,
          basic_altar, minmay_misc_feat_roman, chequers_serial_rivers_micro_b
Temple:   grunt_temple_mini_profane
Lair:1:   layout_small_grid, lemuel_fruit_tree, grunt_megastairs_5,
          minmay_lair_oklob_chamber
Lair:2:   layout_roguey, hangedman_lair_unloving_vines, worms_lemuel,
          serial_bayou_shore_b, infiniplex_staircase_pool
Lair:3:   layout_regular_city, skrybe_swamp_entry_bodies, uniq_snorg, uniq_urug
Lair:4:   layout_loops_ring, spider_nest_entry_funnel_web, special_room
          [special_room_bee], basic_altar, grunt_forest_small_clearing_treed,
          uniq_kirke
Lair:5:   layout_concentric_octagons, slime_dummy
Lair:6:   due_jungle_book, layout_misc_corridors
Spider:1: layout_spider_delve, gammafunk_ghost_necromancy,
          guppyfry_spider_mini_1
Spider:2: layout_spider_delve, uniq_roxanne
Orc:1:    layout_caves, mines2_lemuel
Orc:2:    st_orc_congregation, layout_caves, ebering_ghost_rock_garden

Skill      XL: |  1  2  3  4  5  6  7  8  9 10 11 12 13 14 15 16 |
---------------+-------------------------------------------------+-----
Poison Magic   | 4 5 6 8 9 12 13 | 13.3
Spellcasting   | 4 7 10 | 10.4
Fire Magic     | 6 9 |  9.3
Slings         | 1 |  1.3
Armour         | 5 |  5.0
Dodging        | 3 6 |  6.1
Fighting       | 6 |  6.0
Conjurations   | 6 10 | 10.0
Staves         | 1 |  1.3
Ice Magic      | 6 9 10 | 10.5
Air Magic      | 7 11 | 11.4
Stealth        | |  1.7
Transmutations | |  0.8

Action                   |  1- 3 |  4- 6 |  7- 9 | 10-12 | 13-15 | 16-18 || total
-------------------------+-------+-------+-------+-------+-------+-------++-------
Melee: Dagger            |    24 |    87 |    71 |       |       |       ||   182
       Spear             |    26 |       |       |       |       |       ||    26
       Hand axe          |       |       |    75 |    23 |       |       ||    98
       Mace              |       |       |       |    45 |       |       ||    45
       Quarterstaff      |       |       |       |    12 |   367 |    17 ||   396
 Fire: Hunting sling     |       |       |       |   198 |       |       ||   198
       Shortbow          |       |       |       |   130 |       |       ||   130
 Cast: Sting             |    44 |    17 |    16 |       |       |       ||    77
       Mephitic Cloud    |     1 |       |     1 |    34 |    32 |       ||    68
       Olgreb's Toxic Ra |       |     6 |    34 |    71 |   150 |    13 ||   274
       Ignite Poison     |       |       |       |    58 |   137 |    12 ||   207
       Sticky Flame      |       |       |       |       |    24 |       ||    24
       Freezing Cloud    |       |       |       |       |    25 |     2 ||    27
Evoke: Wand              |       |       |     4 |     2 |       |       ||     6
  Use: Scroll            |       |       |       |     3 |    27 |     1 ||    31
 Stab: Sleeping          |     1 |     2 |     1 |       |     2 |       ||     6
       Confused          |       |       |       |     1 |       |       ||     1
  Eat: Chunk             |     3 |    12 |    17 |    19 |    41 |     2 ||    94
       Ration            |       |       |       |     5 |     1 |       ||     6
Armor: Robe              |    16 |     2 |       |       |       |       ||    18
       Leather armour    |       |     7 |    40 |    33 |       |       ||    80
       Troll leather arm |       |       |       |    26 |   125 |    22 ||   173
Dodge: Dodged            |    47 |    45 |   114 |   201 |   428 |    46 ||   881
       Repelled          |       |       |       |       |    24 |     1 ||    25
